AoeStats
← [zWq]Ferdinand Von Lindemann

Fortress

509730761Analyzed
4v4 RM · 5d ago on Sep 27, 2026· 39m 51s· 8 players
Game mode
Random Map
Map size
Huge
Population
200
Speed
Normal
Resources
Standard
Victory
Conquest
Starting age
Dark Age
Ending age
Imperial Age
RankedLock teamsTeams togetherTeam positionsShared explorationLock speedFull tech treeHidden civsTurbo modeCheats
Victory
Defeat
🇪🇸 Franks · Spain
1517
+15
🇩🇪 Danes · Germany
1489
+17
🇳🇴 Varangians · Norway
1436
+19
🇸🇮 Bengalis · Slovenia
1420
+19
🇺🇸 Mongols · United States
1605
-21
🇩🇴 Vietnamese · Dominican Republic
1499
-18
🇺🇸 Turks · United States
1450
-16
1443
-15
软脚虾3号
7:06 Feudal Age
8:18 Double-Bit Axe
10:48 Castle Age
9:06 Horse Collar
11:50 Bow Saw
11:42 Heavy Plow
18:13 Wheelbarrow
17:43 Loom
18:18 Town Watch
20:33 Hand Cart
22:19 Gold Mining
22:20 Stone Mining
25:27 Imperial Age
23:05 Fletching
23:20 Padded Archer Armor
24:20 Gold Shaft Mining
24:33 Bloodlines
24:23 Husbandry
24:55 Ballistics
25:46 Thumb Ring
25:37 Bodkin Arrow
25:58 Leather Archer Armor
26:34 Conscription
26:35 Bracer
27:53 Chemistry
26:30 Cranequins
28:26 Ring Archer Armor
28:14 Heavy Mounted Crossbowman
29:25 Onager
31:02 Siege Engineers
31:07 Masonry
31:37 Northmen's Fury
32:09 Siege Onager
33:28 Masonry
36:00 Capped Ram
37:25 Siege Ram
Glaki
7:51 Feudal Age
11:36 Castle Age
9:26 Double-Bit Axe
12:44 Bow Saw
20:03 Wheelbarrow
19:14 Loom
21:18 Hand Cart
25:39 Imperial Age
23:35 Scale Barding Armor
23:41 Forging
23:54 Husbandry
24:52 Chain Barding Armor
26:39 Coinage
25:43 Cavalier
27:00 Plate Barding Armor
26:27 Chivalry
26:58 Conscription
26:41 Gold Mining
26:43 Stone Mining
27:49 Paladin
29:11 Caravan
29:41 Banking
30:09 Iron Casting
29:21 Town Watch
30:25 Gold Shaft Mining
38:56 Blast Furnace
37:47 Fletching
Snavle
8:08 Feudal Age
11:29 Castle Age
9:27 Horse Collar
10:03 Double-Bit Axe
15:12 Scale Barding Armor
18:04 Loom
18:58 Forging
22:05 Husbandry
25:12 Bloodlines
25:43 Bow Saw
29:19 Wheelbarrow
31:43 Gold Mining
34:50 Imperial Age
33:12 Heavy Plow
34:33 Chain Barding Armor
35:16 Hand Cart
34:46 Town Watch
35:44 Elite Jarl
36:58 Light Cavalry
40:16 Iron Casting
Eye
8:01 Feudal Age
11:59 Castle Age
9:53 Horse Collar
10:53 Double-Bit Axe
13:15 Loom
21:29 Wheelbarrow
24:47 Imperial Age
23:07 Bow Saw
22:58 Heavy Plow
23:23 Fletching
23:34 Padded Archer Armor
23:42 Gold Mining
23:43 Stone Mining
24:07 Bodkin Arrow
25:34 Scale Barding Armor
25:56 Hand Cart
25:27 Town Watch
26:18 Forging
25:55 Elite Battle Elephant
27:28 Bloodlines
27:19 Husbandry
27:41 Chain Barding Armor
28:50 Iron Casting
28:23 Paiks
30:27 Conscription
31:59 Plate Barding Armor
32:26 Blast Furnace
34:36 Gold Shaft Mining
36:28 Two-Man Saw
35:51 Bracer
36:04 Masonry
36:15 Ballistics
36:40 Elite Skirmisher
37:52 Leather Archer Armor
38:39 Chemistry
38:23 Caravan
37:51 Elite Elephant Archer
39:52 Ring Archer Armor
39:55 Architecture
MrWrong
7:40 Feudal Age
9:04 Double-Bit Axe
11:21 Castle Age
9:17 Horse Collar
12:15 Bow Saw
17:30 Wheelbarrow
20:49 Gold Mining
20:49 Stone Mining
22:16 Hand Cart
25:39 Imperial Age
23:39 Fletching
23:50 Padded Archer Armor
24:05 Heavy Plow
24:29 Loom
25:17 Bodkin Arrow
26:18 Leather Archer Armor
26:49 Conscription
26:37 Bracer
27:26 Ballistics
27:12 Thumb Ring
27:19 Bloodlines
27:10 Husbandry
28:45 Parthian Tactics
28:04 Elite Mangudai
30:54 Chemistry
30:26 Nomads
32:04 Coinage
33:20 Banking
35:09 Murder Holes
35:25 Masonry
35:54 Hoardings
36:51 Fortified Wall
38:32 Caravan
machpatel
8:52 Feudal Age
12:40 Castle Age
12:15 Horse Collar
16:31 Imperial Age
14:17 Double-Bit Axe
19:29 Loom
20:21 Wheelbarrow
20:53 Padded Archer Armor
23:10 Leather Archer Armor
24:22 Loom
27:27 Bow Saw
30:10 Fletching
37:03 Hand Cart
39:28 Husbandry
Malcolm Little
7:01 Feudal Age
12:26 Castle Age
10:34 Double-Bit Axe
10:33 Horse Collar
11:03 Fletching
13:03 Padded Archer Armor
18:39 Loom
20:25 Wheelbarrow
23:21 Hand Cart
23:00 Town Watch
24:17 Gold Mining
27:35 Imperial Age
26:07 Chatras
26:33 Bow Saw
26:24 Heavy Plow
27:48 Onager
28:32 Bodkin Arrow
29:16 Leather Archer Armor
30:15 Bracer
30:50 Ring Archer Armor
31:46 Elite Battle Elephant
36:52 Paper Money
38:33 Ballistics
39:32 Caravan
[zWq]Ferdinand Von Lindemann
6:37 Feudal Age
10:38 Castle Age
9:00 Double-Bit Axe
9:14 Horse Collar
11:33 Bow Saw
17:00 Wheelbarrow
17:31 Town Watch
18:04 Loom
19:02 Hand Cart
20:45 Gold Mining
25:20 Imperial Age
24:40 Gold Shaft Mining
25:27 Bloodlines
25:18 Husbandry
25:50 Scale Barding Armor
25:56 Forging
25:27 Elite Centurion
26:34 Conscription
27:31 Chain Barding Armor
27:51 Comitatenses
27:59 Heavy Plow
29:46 Plate Barding Armor
31:46 Iron Casting
36:20 Blast Furnace
38:40 Caravan
Connection lost

Rejoining the realm…

Still unreachable

The connection could not be restored.

Session expired

The server has moved on; the page needs a fresh start.